Map: Cyber Forest LE

Players

recic - Winner!

  • Race: Protoss Protoss
  • League: Platinum
  • Spawn Location: 5:00

Mani

  • Race: Zerg Zerg
  • League: Platinum
  • Spawn Location: 11:00

VOD

Have the link to the VOD?

Description

Time

  • Played on: May 4, 2019, 3:53 p.m.
  • Length: 7:53
Show
View Real Time Build Order
Export as new Build Order

recic Protoss - Winner!

Build Orders:  

Get SALT Encoding   

  12  0:01  Probe  
  13  0:13  Probe  
  14  0:18  Pylon  
  14  0:25  Probe  
  15  0:37  Gateway, Probe  
  16  0:45  Assimilator  
  17  0:50  Probe  
  17  0:56  Assimilator  
  17  1:02  Probe  
  18  1:14  Gateway, Probe  
  19  1:26  Probe, Cybernetics Core  
  20  1:34  Pylon  
  20  1:53  Stalker x2  
  20  2:03  Warp Gate  
  20  2:04  Probe  
  25  2:12  Probe  
  25  2:20  Pylon  
  25  2:22  Probe  
  26  2:27  Stalker x2  
  31  2:40  Pylon  
  31  2:48  Robotics Facility  
  31  2:50  Probe  
  32  3:16  Nexus  
  32  3:19  Probe  
  33  3:36  Twilight Council  
  35  3:44  Observer  
  35  3:45  Probe  
  35  3:50  Stalker x2  
  39  3:59  Pylon  
  39  4:02  Charge  
  39  4:04  Probe  
  40  4:16  Probe  
  41  4:17  Stalker  
  41  4:23  Stalker  
  45  4:26  Probe  
  45  4:29  Probe  
  47  4:34  Probe  
  48  4:42  Gateway  
  48  4:46  Probe  
  48  4:51  Gateway  
  49  4:58  Shield Battery  
  49  5:00  Shield Battery  
  49  5:02  Probe  
  49  5:03  Probe  
  51  5:13  Zealot x2, Probe  
  55  5:15  Probe  
  57  5:21  Probe  
  57  5:23  Probe  
  59  5:32  Pylon  
  59  5:36  Zealot x2  
  59  5:37  Stalker  
  59  5:41  Observer  
  66  5:49  Zealot  
  68  5:56  Zealot  
  70  5:58  Gateway  
  70  5:59  Gateway  
  70  6:02  Gateway  
  70  6:05  Warp Prism  
  70  6:06  Gateway  
  70  6:12  Zealot  
  74  6:20  Zealot  
  76  6:33  Gateway  
  76  6:38  Zealot  
  78  6:43  Pylon  
  78  6:45  Pylon  
  78  6:48  Pylon  
  78  7:05  Zealot x6  
  78  7:06  Zealot x2  
  82  7:30  Stalker x5  
  90  7:43  Stalker x3  
Show
View Real Time Build Order
Export as new Build Order

Mani Zerg 

Build Orders: Hatch First 

Get SALT Encoding   

  12  0:01  Drone  
  13  0:12  Overlord  
  13  0:16  Drone  
  14  0:30  Drone  
  14  0:31  Drone  
  14  0:34  Drone  
  17  0:53  Hatchery  
  17  0:56  Drone  
  17  1:00  Drone  
  18  1:15  Spawning Pool  
  18  1:18  Extractor  
  16  1:19  Drone  
  16  1:22  Drone  
  18  1:28  Drone  
  19  1:43  Overlord  
  19  1:52  Drone  
  20  2:01  Queen  
  20  2:05  Queen  
  24  2:09  Drone  
  24  2:12  Drone  
  27  2:15  Drone  
  27  2:18  Drone  
  27  2:22  Drone  
  29  2:41  Lair, Queen, Evolution Chamber  
  30  2:46  Drone x2  
  30  2:47  Drone x2  
  34  2:53  Overlord, Extractor  
  34  2:54  Extractor  
  32  3:03  Spine Crawler  
  30  3:11  Zergling x2  
  30  3:12  Zergling x2  
  31  3:16  Drone  
  31  3:17  Drone x3  
  35  3:31  Zerg Missile Weapons Level 1  
  35  3:36  Drone  
  36  3:56  Overlord  
  36  3:57  Overlord  
  36  4:06  Roach Warren  
  36  4:08  Drone  
  36  4:14  Queen  
  39  4:17  Drone x6  
  44  4:38  Drone x4  
  48  4:45  Glial Reconstitution  
  48  4:48  Drone  
  48  4:49  Drone  
  49  5:10  Hatchery  
  49  5:11  Roach  
  50  5:24  Overlord, Hatchery  
  50  5:25  Overlord x4  
  50  5:28  Zerg Ground Armor Level 1  
  49  5:30  Roach  
  51  5:42  Spore Crawler  
  50  5:45  Spore Crawler  
  50  5:49  Roach  
  51  5:50  Roach x6  
  51  5:55  Roach  
  51  5:56  Roach  
  67  5:57  Roach  
  67  6:01  Roach  
  67  6:03  Drone  
  72  6:04  Drone  
  73  6:23  Hydralisk Den  
  72  6:26  Drone  
  72  6:27  Drone x6  
  79  6:33  Roach x2  
  83  6:41  Drone  
  83  6:42  Drone x3  
  87  7:00  Drone x8  
  87  7:01  Drone x2  
  97  7:03  Extractor x2  
  95  7:08  Hydralisk  
  95  7:09  Hydralisk x3  
  101  7:24  Hydralisk  
  101  7:25  Hydralisk x2  
Tags
 
Add a new tag
Caveats
  • Supply blocks, unpowered buildings, or Contaminate may cause inaccurate times.
  • Supply counts are checked every 10 seconds.